 Dungeon Crawl Stone Soup version 0.22.1-1-ga44c0e5 (webtiles) character file.

103 Action013 the Ruffian (level 4, -6/40 HPs)
             Began as a Ghoul Monk on Oct 30, 2018.
             Mangled by a river rat (8 damage)
             ... on level 3 of the Dungeon.
             The game lasted 00:03:32 (1800 turns).

Action013 the Ruffian (Ghoul Monk)                  Turns: 1800, Time: 00:03:33

Health: -6/40      AC:  2    Str: 14    XL:     4   Next: 79%
Magic:  3/3        EV: 13    Int:  6    God:
Gold:   136        SH:  0    Dex: 11    Spells: 3/3 levels left

rFire    . . .     SeeInvis .     - Unarmed
rCold    + . .     Gourm    .   (no shield)
rNeg     + + +     Faith    .   a - +0 robe
rPois    ∞         Spirit   .   (no helmet)
rElec    .         Reflect  .   (no cloak)
rCorr    .         Harm     .   (no gloves)
MR       .....                  (no boots)
Stlth    ++........             (no amulet)
HPRegen  0.00/turn              (no ring)
MPRegen  0.08/turn              (no ring)

@: rotting
A: rotting body, claws 1, carnivore, cold resistance 1, negative energy
resistance 3, inhibited regeneration, torment resistance, unbreathing
a: no special abilities


You were on level 3 of the Dungeon.
You were not hungry.

You visited 1 branch of the dungeon, and saw 3 of its levels.

You collected 136 gold pieces.

Inventory:

Armour
 a - a +0 robe (worn)
 j - a +0 hat of magic resistance
Jewellery
 o - a cursed ring of teleportation {unknown}
Wands
 k - a wand of paralysis (12)
Scrolls
 c - a scroll of enchant weapon {unknown}
 e - 2 scrolls of fog {unknown}
 f - a scroll of amnesia {unknown}
 h - a scroll of remove curse {unknown}
 m - a scroll of identify {unknown}
 n - a scroll of noise {unknown}
Potions
 g - 3 potions of agility {unknown}
 i - a potion of invisibility {unknown}
 l - 2 potions of ambrosia {unknown}
Comestibles
 b - 7 rations
 d - 2 chunks of flesh


   Skills:
 - Level 3.8 Fighting
 - Level 3.2 Dodging
 - Level 3.0 Stealth
 + Level 4.6 Unarmed Combat


You had 3 spell levels left.
You didn't know any spells.
Your spell library contained the following spells:

 Spells                   Type           Power        Failure   Level  Hunger
 Animate Skeleton         Necr           N/A          45%         1    ##.....
 Pain                     Necr           #...         45%         1    ##.....
 Regeneration             Chrm/Necr      #.........   83%         3    ####...
 Vampiric Draining        Necr           #.........   83%         3    ####...
 Animate Dead             Necr           N/A          99%         4    #####..


Dungeon Overview and Level Annotations

Branches:
Dungeon (3/15)

Altars:


Innate Abilities, Weirdness & Mutations

Your body is rotting away.
You thrive on raw meat.
You are immune to poison.
You have sharp fingernails.
You are carnivorous and can eat meat at any time.
Your flesh is cold resistant. (rC+)
You are immune to negative energy. (rN+++)
You do not regenerate when monsters are visible.
You are immune to unholy pain and torment.
You can survive without breathing.


Message History

You are too injured to fight recklessly!
You are too injured to fight recklessly!
You are too injured to fight recklessly!
You closely miss the river rat.
The river rat is almost dead.
The river rat bites you! The river rat bites you.
* * * LOW HITPOINT WARNING * * *
The rat closely misses you.
You closely miss the river rat.
The river rat is almost dead.
The river rat barely misses you. The river rat bites you!
* * * LOW HITPOINT WARNING * * *
The rat splashes around in the water.
Your unstable footing causes you to fumble your attack.
The river rat barely misses you. x2; The rat bites you but does no damage.
There is an open door here.
You claw the river rat! You claw the river rat.
The river rat is severely wounded.
The river rat bites you!
You die...

### #### #.. ..# #.#
#.#
#######.#####.#######
....................#
######.#####.#####.#
#.#...#.# #.#
##.......# #.#
##.@##+.### #.#
#..#rr#..# #.#
#.##rl##.# #.#
#.#≈≈≈≈#.# ####.#
#.#≈≈≈≈#.###....#
#.##≈≈##........#
#..#≈≈#...#####.#
..##++##).# #.# ..#
#.## #.#


You could see 2 river rats, a leopard gecko and a rat.

Vanquished Creatures
  Jessica (D:2)
  Terence (D:2)
  An adder (D:2)
  2 dart slugs
  A leopard gecko (D:1)
  2 orcs (D:3)
  A giant cockroach (D:1)
  7 goblins
  5 hobgoblins
  7 bats
  4 frilled lizards
  3 kobolds (D:1)
  A rat (D:1)
36 creatures vanquished.

Notes
Turn   | Place    | Note
-------+----------+-------------------------------------------
     0 | D:1      | Action013 the Ghoul Monk began the quest for the Orb.
     0 | D:1      | Reached XP level 1. HP: 19/19 MP: 0/0
   104 | D:1      | Reached XP level 2. HP: 7/26 MP: 1/1
   651 | D:1      | Reached XP level 3. HP: 32/33 MP: 2/2
   840 | D:2      | Noticed Terence
   852 | D:2      | Killed Terence
   852 | D:2      | Reached skill level 4 in Unarmed Combat
   867 | D:2      | Noticed Jessica
   881 | D:2      | Killed Jessica
   881 | D:2      | Reached XP level 4. HP: 32/40 MP: 3/3
  1710 | D:3      | HP: 2/40 [orc/dagger (3)]
  1797 | D:3      | HP: 2/40 [river rat (9)]
  1800 | D:3      | Mangled by a river rat

Skill      XL: |  1  2  3  4 |
---------------+-------------+-----
Dodging        | 3 |  3.2
Unarmed Combat | 4 |  4.6
Stealth        | 3 |  3.0
Fighting       | |  3.8

Action                   |  1- 3 |  4- 6 || total
-------------------------+-------+-------++-------
Melee: Unarmed           |    61 |    64 ||   125
       Punch             |     1 |     1 ||     2
 Stab: Sleeping          |     6 |     1 ||     7
  Eat: Chunk             |     4 |     8 ||    12
Armor: Robe              |     6 |     9 ||    15
Dodge: Dodged            |    45 |    35 ||    80
